 Dungeon Crawl Stone Soup version 0.29-a0-284-gf9362112df (webtiles) character file.

Game seed: 11946460004256345640

17 enile the Firebug (level 2, -3/27 HPs)
             Began as an Ogre Fire Elementalist on Mar 24, 2022.
             Was a Follower of Fedhas.
             Slain by Terence
             ... wielding a +2 flail of pain
              (5 damage)
             ... on level 2 of the Dungeon.
             The game lasted 00:01:20 (1535 turns).

enile the Firebug (Ogre Fire Elementalist)          Turns: 1535, Time: 00:01:20

Health: -3/27      AC:  3    Str: 11    XL:     2   Next: 62%
Magic:  5/5        EV:  9    Int: 16    God:    Fedhas [*.....]
Gold:   73         SH:  0    Dex:  9    Spells: 3/6 levels left

rFire   . . .      SeeInvis .   (no weapon)
rCold   . . .      Faith    .   (no shield)
rNeg    . . .      Spirit   .   a - +0 robe
rPois   .          Reflect  .   (helmet restricted)
rElec   .          Harm     .   (no cloak)
rCorr   .          Rampage  .   (gloves unavailable)
Will    .....                   (boots unavailable)
Stlth   +.........              (no amulet)
HPRegen 0.09/turn               (no ring)
MPRegen 0.09/turn               (no ring)

@: brilliant
A: large, unfitting armour, tough skin 1
a: Renounce Religion


You were on level 2 of the Dungeon.
You worshipped Fedhas.
Fedhas was aware of your devotion.
You visited 1 branch of the dungeon, and saw 2 of its levels.

You collected 73 gold pieces.

Inventory:

Armour
 a - a +0 robe (worn)
Scrolls
 f - a scroll of vulnerability


   Skills:
 + Level 1.5 Fighting
 - Level 1.9 Dodging
 - Level 1.5 Stealth
 - Level 2.6 Spellcasting
 - Level 1.1 Conjurations
 - Level 2.8 Fire Magic


You had 3 spell levels left.
You knew the following spells:

 Your Spells              Type           Power      Damage    Failure   Level
a - Foxfire               Conj/Fire      48%        2x1d6     9%          1
b - Scorch                Fire           32%        2d7       10%         2

Your spell library contained the following spells:

 Spells                   Type           Power      Damage    Failure   Level
 Conjure Flame            Conj/Fire      12%        6-21      26%         3
 Inner Flame              Hex/Fire       9%         N/A       32%         3
 Flame Wave               Conj/Fire      12%        2d6       65%         4


Dungeon Overview and Level Annotations

Branches:
Dungeon (2/15)

Altars:
Fedhas

Annotations:
D:2 Terence


Innate Abilities, Weirdness & Mutations

You are too large for most types of armour.
You have tough skin. (AC +1)


Message History

As you read the scroll labelled FEUGEARIAC, it crumbles to dust.
The scroll dissolves into smoke.
It was a scroll of fog.
Terence hits you with a +2 flail of pain.
As you read the scroll labelled TITUCO LIBI, it crumbles to dust.
The creatures around you are filled with an inner flame!
It was a scroll of immolation.
Terence hits you with a +2 flail of pain!
* * * LOW HITPOINT WARNING * * *
It was a potion of heal wounds.
You feel much better.
Terence hits you with a +2 flail of pain.
It was a potion of curing.
You feel better.
Terence hits you with a +2 flail of pain.
You writhe in agony.
It was a potion of brilliance.
You feel clever all of a sudden.
Terence hits you with a +2 flail of pain!
Casting: Scorch (safe; 10% risk of failure)
Confirm with . or Enter, or press ? or * to list all spells.
You feel a surge of power!
Flames lash Terence but do no damage.
Terence barely misses you.
Terence hits you with a +2 flail of pain.
Casting: Scorch (safe; 10% risk of failure)
Confirm with . or Enter, or press ? or * to list all spells.
You don't have enough magic to cast this spell.
You feel better. Terence closely misses you. Magic courses through your body.
Terence hits you with a +2 flail of pain!
* * * LOW HITPOINT WARNING * * *
You writhe in agony.
* * * LOW HITPOINT WARNING * * *
Terence attacks as you move away! Terence barely misses you.
Terence looks scornfully at you. Terence attacks as you move away!
Terence hits you with a +2 flail of pain.
* * * LOW HITPOINT WARNING * * *
Okay, then.
Terence attacks as you move away!
Terence hits you with a +2 flail of pain.
You die...
Fedhas appreciates your contribution to the ecosystem.

### ### #.####.# #......#
#.####.# #†# #.# #.#
#.###########
#@####............
.########@...#############
.....§§........... #
..####...#....##### #
.....§§§§#........ #
.....§§§§#....###. #
.....§§###....# # ....!..
#..#.# # ....... ...#.# #


You could see Terence (inner flame).

Vanquished Creatures
  A dart slug (D:2)
  An endoplasm (D:1)
  A giant cockroach (D:2)
  A goblin (D:1)
  2 hobgoblins
  2 kobolds (D:1)
  2 quokkas (D:1)
  A bat (D:1)
  2 rats (D:1)
13 creatures vanquished.

Vanquished Creatures (others)
  73 foxfires
73 creatures vanquished.

Grand Total: 86 creatures vanquished

Notes
Turn   | Place    | Note
-------+----------+-------------------------------------------
     0 | D:1      | enile the Ogre Fire Elementalist began the quest for the
                  | Orb.
     0 | D:1      | Reached XP level 1. HP: 16/16 MP: 3/3
   166 | D:1      | Found a faded altar of an unknown god.
   211 | D:1      | Prayed at the altar of an unknown god.
   211 | D:1      | Became a worshipper of Fedhas Madash
   211 | D:1      | Reached * piety under Fedhas
   253 | D:1      | Reached skill level 1 in Conjurations
   660 | D:1      | Reached XP level 2. HP: 26/26 MP: 2/5
   813 | D:1      | Learned a level 2 spell: Scorch
  1308 | D:2      | Reached skill level 1 in Fighting
  1512 | D:2      | Noticed Terence
  1535 | D:2      | Slain by Terence

Illustrated notes

Levels and vault maps discovered:
D:1:      matt_arrival_spirals, layout_loops_corners,
          shapermc_ecumenical_altar_venn, item_on_display_a
D:2:      minmay_skewed_foursquare, layout_basic, minmay_pentomino_u4,
          uniq_terence, uniq_natasha

Skill      XL: |  1  2 |
---------------+-------+-----
Conjurations   | 1 |  1.1
Fighting       | 1 |  1.5
Dodging        | |  1.9
Stealth        | |  1.5
Spellcasting   | |  2.6
Fire Magic     | |  2.8

Action                   || total
-------------------------++-------
Melee: Unarmed           ||     2
 Cast: Foxfire           ||    43
       Scorch            ||     2
  Use: Potion            ||     5
       Scroll            ||     3
Armor: Robe              ||     3
Dodge: Dodged            ||     8

Table legend: (Time is in decaauts)
 A = Elapsed time spent in this place.
 B = Non-inter-level travel time spent in this place.
 C = Inter-level travel time spent in this place.
 D = Time resting spent in this place.
 E = Time spent auto-exploring this place.
 F = Levels seen in this place.
 G = Mean time per level.
                   A        B        C        D        E       F      G
               +--------+--------+--------+--------+--------+-----+--------+
         Total |   1534 |   1492 |     42 |      0 |   1349 |   2 |  767.0 |
       Dungeon |   1534 |   1492 |     42 |      0 |   1349 |   2 |  767.0 |
               +--------+--------+--------+--------+--------+-----+--------+

Top non-repeatable levels by time:
     D:1: 1288 daAuts
     D:2: 246 daAuts
